 Dungeon Crawl Stone Soup version 0.19.0-22-gd96e5fe (webtiles) character file.

359 nikopol the Skirmisher (level 6, -5/60 HPs)
             Began as a Gargoyle Berserker on Nov 19, 2016.
             Was a Believer of Trog.
             Slain by a hornet (13 damage)
             ... on level 3 of the Dungeon.
             The game lasted 00:04:15 (1954 turns).

nikopol the Skirmisher (Gargoyle Berserker)         Turns: 1954, Time: 00:04:16

Health: -5/60      AC: 11    Str: 27    XL:     6   Next: 65%
Magic:  6/6        EV: 11    Int:  7    God:    Trog [**....]
Gold:   191        SH:  0    Dex: 10    Spells: 0 memorised, 5 levels left

rFire  . . .     SeeInvis .     a - +0 hand axe
rCold  . . .     Gourm    .     k - +0 scale mail
rNeg   + . .     Faith    .     (no shield)
rPois  ∞         Spirit   .     (no helmet)
rElec  +         Reflect  .     (no cloak)
rCorr  .         Harm     .     (no gloves)
MR     .....                    (no boots)
Stlth  ..........               (no amulet)
                                (no ring)
                                (no ring)

@: berserking, very quick
A: negative energy resistance 1, electricity resistance, unbreathing,
petrification resistance, rot immunity, AC +4
a: Berserk, Trog's Hand, Burn Spellbooks, Renounce Religion


You were on level 3 of the Dungeon.
You worshipped Trog.
Trog was pleased with you.
You were not hungry.

You visited 1 branch of the dungeon, and saw 3 of its levels.

You collected 191 gold pieces.

Inventory:

Hand Weapons
 a - a +0 hand axe (weapon)
Armour
 b - a +0 animal skin
 k - a +0 scale mail (worn)
Jewellery
 o - an uncursed ring of wizardry {unknown}
Wands
 j - a wand of digging (15/24)
Scrolls
 f - a scroll of amnesia {unknown}
 g - 4 scrolls of teleportation {unknown}
 h - 3 scrolls of identify {unknown}
 i - a scroll of immolation {unknown}
 n - a scroll of fog {unknown}
 q - a scroll of recharging {unknown}
 r - a scroll of enchant armour {unknown}
 s - 3 scrolls of remove curse {unknown}
Potions
 d - a potion of heal wounds {unknown}
 e - a potion of haste {unknown}
 l - 3 potions of curing {unknown}
 m - a potion of mutation {unknown}
Comestibles
 c - 2 bread rations
 p - 5 chunks of flesh
 t - 3 fruits


   Skills:
 + Level 5.1 Fighting
 + Level 3.8 Axes
 + Level 4.1 Armour
 + Level 3.0 Dodging


You had 5 spell levels left.
You didn't know any spells.

Dungeon Overview and Level Annotations

Branches:
Dungeon (3/15)

Altars:


Innate Abilities, Weirdness & Mutations

You are resistant to torment.
Your stone body is resilient. (AC +4)
You are immune to poison.
You resist negative energy. (rN+)
You are resistant to electric shocks. (rElec)
You can survive without breathing.
You are immune to petrification.
You are immune to rotting.


Message History

You closely miss the hornet. The hornet closely misses you.
The hornet stings you!
* * * LOW HITPOINT WARNING * * *
You slash the hornet!
The hornet is moderately wounded.
The hornet completely misses you.
You hit the hornet but do no damage.
The hornet is moderately wounded.
The hornet stings you but does no damage.
You closely miss the hornet.
The hornet is moderately wounded.
The hornet stings you.
* * * LOW HITPOINT WARNING * * *
You slash the hornet!
The hornet is heavily wounded.
The hornet barely misses you.
You hit the hornet.
The hornet is heavily wounded.
The hornet stings you!
You die...

#############
#.#.#...#.#.#
##.#.....#.##
#.#..#.#..#.# ###########
##y@##†##..## ^.........#
#..##...##..# ..........#
#.##..)..##.# ..........#
#..##...##..# ..........#
##..##|##..## ..........#
#..###..#.# ..(....####
#..#..#.## .......#######
#.))#.#.#
.............######.######


You could see a hornet.

Vanquished Creatures
  The ghost of p0werm0de the Frost Mage, a novice GrIE (D:3)
  Terence (D:2)
  3 adders
  An ooze (D:3)
  A worm (D:3)
  5 leopard geckos
  4 orcs (D:3)
  12 bats
  5 giant cockroaches
  8 hobgoblins
  2 jackals (D:3)
  9 frilled lizards
  7 goblins
  5 kobolds
  8 rats
72 creatures vanquished.

Notes
Turn   | Place    | Note
-------+----------+-------------------------------------------
     0 | D:1      | nikopol the Gargoyle Berserker began the quest for the Orb.
     0 | D:1      | Reached XP level 1. HP: 14/14 MP: 1/1
   159 | D:1      | Reached XP level 2. HP: 19/19 MP: 2/2
   742 | D:2      | Noticed Terence
   749 | D:2      | Reached skill level 4 in Fighting
   753 | D:2      | Killed Terence
   753 | D:2      | Reached XP level 3. HP: 24/24 MP: 3/3
   818 | D:2      | Reached XP level 4. HP: 28/29 MP: 4/4
   933 | D:2      | Reached ** piety under Trog
  1292 | D:3      | Noticed p0werm0de's ghost (novice GrIE)
  1314 | D:3      | Killed p0werm0de's ghost
  1314 | D:3      | Reached skill level 5 in Fighting
  1314 | D:3      | Reached XP level 5. HP: 35/35 MP: 5/5
  1314 | D:3      | Reached XP level 6. HP: 40/40 MP: 6/6
  1942 | D:3      | Noticed a hornet
  1954 | D:3      | Slain by a hornet

Skill      XL: |  1  2  3  4  5  6 |
---------------+-------------------+-----
Fighting       | 4 5 |  5.1
Axes           | 3 |  3.8
Dodging        | 2 3 |  3.0
Armour         | 3 4 |  4.1

Action                   |  1- 3 |  4- 6 || total
-------------------------+-------+-------++-------
Melee: Hand axe          |    85 |   171 ||   256
Invok: Berserk           |     1 |     2 ||     3
 Stab: Sleeping          |     1 |       ||     1
  Eat: Royal jelly       |       |     1 ||     1
       Chunk             |       |     4 ||     4
Armor: Animal skin       |    19 |       ||    19
       Scale mail        |    17 |   104 ||   121
Dodge: Dodged            |    57 |   137 ||   194
